 Dungeon Crawl Stone Soup version 0.22-a0-379-ga9d99d6 (webtiles) character file.

740 sankara the Conjurer (level 7, -1/50 HPs)
             Began as a Red Draconian Conjurer on Apr 28, 2018.
             Was an Initiate of Ru.
             Slain by an orc warrior
             ... wielding a +0 glaive
              (6 damage)
             ... on level 7 of the Dungeon.
             The game lasted 00:20:19 (4252 turns).

sankara the Conjurer (Red Draconian Conjurer)       Turns: 4252, Time: 00:20:20

Health: -1/50      AC:  8    Str: 10    XL:     7   Next: 46%
Magic:  9/15       EV: 12    Int: 15    God:    Ru [......]
Gold:   112        SH:  0    Dex: 12    Spells: 9/17 levels left

rFire    + . .     SeeInvis .   b - +5 shortbow of Defiance {venom, rPois rC- rN+++ Stlth+}
rCold    x . .     Gourm    .   (shield currently unavailable)
rNeg     + + +     Faith    .   (armour unavailable)
rPois    +         Spirit   .   (helmet restricted)
rElec    .         Reflect  .   (no cloak)
rCorr    +         Harm     .   (no gloves)
MR       .....                  f - +1 pair of boots
Stlth    +++.......             (no amulet)
HPRegen  0.16/turn              d - -2 ring of intelligence (curse)
MPRegen  0.14/turn              i - ring of resist corrosion

@: no status effects
A: breathe fire, unfitting armour, fire resistance 1, cold-blooded, AC +6
a: Breathe Fire, Renounce Religion


You were on level 7 of the Dungeon.
You worshipped Ru.
Ru was noncommittal.
You were not hungry.

You visited 1 branch of the dungeon, and saw 7 of its levels.

You collected 112 gold pieces.

Inventory:

Hand Weapons
 a - a +0 dagger
   (You took it off a kobold on level 1 of the Dungeon)
 b - the +5 shortbow of Defiance (weapon) {venom, rPois rC- rN+++ Stlth+}
   (You took it off an orc on level 6 of the Dungeon)

   It poisons the ammo it fires.
   It makes you vulnerable to cold.
   It protects you from poison.
   It renders you almost immune to negative energy.
   It makes you more stealthy.
Missiles
 k - an arrow (quivered)
Armour
 f - a +1 pair of boots (worn)
   (You found it on level 1 of the Dungeon)
Jewellery
 d - a cursed -2 ring of intelligence (left hand)
   (You found it on level 4 of the Dungeon)
 i - a ring of resist corrosion (right hand)
   (You took it off an orc on level 6 of the Dungeon)
Wands
 g - a wand of iceblast (9)
   (You found it on level 7 of the Dungeon)
 m - a wand of acid (7)
   (You took it off an orc on level 7 of the Dungeon)
Scrolls
 c - 3 scrolls of identify
 h - a scroll of remove curse {unknown}
 l - a scroll of amnesia
 n - a scroll of teleportation
 o - a scroll of enchant weapon {unknown}
Potions
 e - 3 potions of curing {unknown}
Comestibles
 j - 8 rations


   Skills:
 - Level 1.8 Dodging
 - Level 1.8 Stealth
 + Level 5.7 Spellcasting
 + Level 7.1 Conjurations


You had 9 spell levels left.
You knew the following spells:

 Your Spells              Type           Power        Failure   Level  Hunger
a - Magic Dart            Conj           ####         1%          1    None
b - Dazzling Spray        Conj/Hex       ##....       11%         3    ###....
c - Iskenderun's Mystic   Conj           ####....     9%          4    ####...


Dungeon Overview and Level Annotations

Branches:
Dungeon (7/15)
 Temple: D:4-7

Altars:
Nemelex Xobeh
Ru
Uskayaw


Innate Abilities, Weirdness & Mutations

You can breathe blasts of fire.
Your fiery red scales are hard. (AC +6)
You cannot fit into any form of body armour.
Your flesh is heat resistant. (rF+)
You are cold-blooded and may be slowed by cold attacks.


Message History

An orc comes into view. It is wielding a hand axe.
An orc is nearby!
Firing (i - inventory)
k - 5 arrows (quivered)
Press: ? - help, Shift-Dir - straight line, f - orc
Aim: an orc, wielding a hand axe (resting)
Okay, then.
Casting: Magic Dart (safe; 1% risk of failure)
Confirm with . or Enter, or press ? or * to list all spells.
Aiming: Magic Dart (safe; 1% risk of failure)
Press: ? - help, Shift-Dir - straight line, f - orc
Aim: an orc, wielding a hand axe (resting)
The magic dart hits the orc.
The orc is heavily wounded.
The orc shouts!
You hear a shout!
Casting: Magic Dart (safe; 1% risk of failure)
Confirm with . or Enter, or press ? or * to list all spells.
Aiming: Magic Dart (safe; 1% risk of failure)
Press: ? - help, Shift-Dir - straight line, f/p - orc
Aim: an orc, wielding a hand axe (heavily wounded)
The magic dart hits the orc.
The orc is severely wounded.
Casting: Magic Dart (safe; 1% risk of failure)
Confirm with . or Enter, or press ? or * to list all spells.
Aiming: Magic Dart (safe; 1% risk of failure)
Press: ? - help, Shift-Dir - straight line, f/p - orc
Aim: an orc, wielding a hand axe (severely wounded)
The magic dart hits the orc.
You kill the orc!
You start resting.
An orc comes into view. It is wielding a falchion.
Casting: Magic Dart (safe; 1% risk of failure)
Confirm with . or Enter, or press ? or * to list all spells.
Aiming: Magic Dart (safe; 1% risk of failure)
Press: ? - help, Shift-Dir - straight line, f - orc
Aim: an orc, wielding a falchion and wearing a leather armour The magic dart hits the orc.
The orc is severely wounded.
Casting: Magic Dart (safe; 1% risk of failure)
Confirm with . or Enter, or press ? or * to list all spells.
Aiming: Magic Dart (safe; 1% risk of failure)
Press: ? - help, Shift-Dir - straight line, f/p - orc
Aim: an orc, wielding a falchion and wearing a leather armour (severely wounded)
The magic dart hits the orc.
You kill the orc!
You start resting.
An orc comes into view. It is wielding a falchion of slicing.
Casting: Magic Dart (safe; 1% risk of failure)
Confirm with . or Enter, or press ? or * to list all spells.
Aiming: Magic Dart (safe; 1% risk of failure)
Press: ? - help, Shift-Dir - straight line, f - orc
Aim: an orc, wielding a falchion of slicing (hasn't noticed you)
The magic dart hits the orc.
You kill the orc!
An orc warrior and an orc priest come into view.
Casting: Magic Dart (safe; 1% risk of failure)
Confirm with . or Enter, or press ? or * to list all spells.
Aiming: Magic Dart (safe; 1% risk of failure)
Press: ? - help, Shift-Dir - straight line, f - orc warrior
Aim: an orc warrior, wielding a glaive and wearing a chain mail (hasn't noticed you)
The magic dart hits the orc warrior.
The orc warrior is lightly wounded.
The orc warrior shouts!
The orc warrior moves out of view.
Firing (i - inventory)
k - 5 arrows (quivered)
Press: ? - help, Shift-Dir - straight line, f - orc priest
Aim: an orc priest, wielding a dagger You shoot an arrow.
The arrow barely misses the orc priest.
The orc priest calls down the wrath of Beogh upon you.
Beogh smites you!
Firing (i - inventory)
k - 4 arrows (quivered)
Press: ? - help, Shift-Dir - straight line, f/p - orc priest
Aim: an orc priest, wielding a dagger You shoot an arrow.
The arrow hits the orc priest but does no damage.
Firing (i - inventory)
k - 3 arrows (quivered)
Press: ? - help, Shift-Dir - straight line, f/p - orc priest
Aim: an orc priest, wielding a dagger You shoot an arrow.
The arrow hits the orc priest.
The orc priest is poisoned.
The orc priest is moderately wounded.
The orc priest invokes the aid of Beogh against you.
Beogh smites you!
Firing (i - inventory)
k - 2 arrows (quivered)
Press: ? - help, Shift-Dir - straight line, f - orc warrior, p - orc priest
Aim: an orc warrior, wielding a glaive and wearing a chain mail (lightly wounded)
You shoot an arrow. The arrow hits the orc warrior!
The orc warrior is poisoned.
The orc warrior is heavily wounded.
The orc warrior hits you from afar with a glaive!!
* * * LOW HITPOINT WARNING * * *
An orc comes into view. It is wielding a hand axe.
The orc moves out of view.
Casting: Magic Dart (safe; 1% risk of failure)
Confirm with . or Enter, or press ? or * to list all spells.
Aiming: Magic Dart (safe; 1% risk of failure)
Press: ? - help, Shift-Dir - straight line, f/p - orc warrior
Aim: an orc warrior, wielding a glaive and wearing a chain mail (heavily wounded, poisoned)
The magic dart hits the orc warrior.
The orc warrior is heavily wounded.
The orc warrior hits you from afar with a glaive.
You die...

#####.......##..._().#
#..####.##....(.)
#....##.##.......#
#.......##.#...#.# .
#.##.##.##(#...#.#.#
#####...........o.......
................o.......
#####................o..
#....>#.##.#@..#.#.#
#.......##..........
##.########....##.## #.#
#....##.# #.# #....##.#
######.########....##.####
.......#..<........#.....#
.#####.)......#.......##.#
.# #<#.###..#.....<.##.#


You could see an orc warrior, an orc priest and an orc (wandering).

Vanquished Creatures
  A hungry ghost (D:6)
  2 bullfrogs (D:6)
  A scorpion (D:7)
  The ghost of sankara the Chiller, a weakling MfIE (D:5)
  A crimson imp (D:6)
  A hound (D:6)
  A jelly (D:6)
  An orc priest (D:4)
  An orc wizard (D:4)
  A bullfrog skeleton (D:5)
  An iguana (D:7)
  3 worker ants
  3 adders
  A worm (D:5)
  3 dart slugs (D:1)
  4 leopard geckos
  16 orcs
  2 bats
  5 giant cockroaches
  4 goblins
  A hobgoblin (D:2)
  4 jackals
  3 quokkas
  A ball python (D:6)
  4 frilled lizards
  A jackal skeleton (D:5)
  8 kobolds
  A leopard gecko zombie (D:5)
  3 rats (D:1)
79 creatures vanquished.

Notes
Turn   | Place    | Note
-------+----------+-------------------------------------------
     0 | D:1      | sankara the Draconian Conjurer began the quest for the Orb.
     0 | D:1      | Reached XP level 1. HP: 14/14 MP: 3/3
   387 | D:1      | Reached XP level 2. HP: 20/20 MP: 3/5
  1444 | D:1      | Reached XP level 3. HP: 26/26 MP: 4/7
  1449 | D:1      | Learned a level 3 spell: Dazzling Spray
  1793 | D:4      | Found a hide-covered altar of Uskayaw.
  1832 | D:5      | Entered Level 5 of the Dungeon
  1926 | D:4      | Reached skill level 3 in Spellcasting
  1926 | D:4      | Reached XP level 4. HP: 16/33 MP: 0/8
  1959 | D:3      | Reached skill level 5 in Conjurations
  2415 | D:5      | Noticed sankara's ghost (weakling MfIE)
  2515 | D:5      | Killed sankara's ghost
  2515 | D:5      | Reached XP level 5. HP: 38/38 MP: 2/10
  2593 | D:4      | Reached skill level 4 in Spellcasting
  2962 | D:5      | Learned a level 4 spell: Iskenderun's Mystic Blast
  3188 | D:6      | Got a transparent shortbow
  3189 | D:6      | Identified the +5 shortbow of Defiance {venom, rPois rC- rN+++ Stlth+} (You took it off an orc on level 6 of the Dungeon)
  3372 | D:6      | Reached XP level 6. HP: 45/45 MP: 12/12
  3379 | D:6      | Reached skill level 6 in Conjurations
  3485 | D:6      | Found a sacrificial altar of Ru.
  3497 | D:6      | Became a worshipper of Ru the Awakened
  3722 | D:7      | Noticed a hungry ghost
  3731 | D:6      | Reached skill level 5 in Spellcasting
  3734 | D:6      | Your scales start taking on a fiery red colour.
  3734 | D:6      | Reached XP level 7. HP: 41/50 MP: 7/14
  3734 | D:6      | Gained mutation: Your flesh is heat resistant. (rF+) [Red Draconian growth]
  3838 | D:6      | Killed a hungry ghost
  3860 | D:7      | Reached skill level 7 in Conjurations
  4228 | D:7      | Found a sparkling altar of Nemelex Xobeh.
  4249 | D:7      | HP: 5/50 [orc warrior/glaive (20)]
  4252 | D:7      | Slain by an orc warrior

Vault maps used:
D:1:      dpeg_arrival_three_bigger_balls
D:2:      wad_lake_hut, nicolae_overflow_hidden_temple,
          kennysheep_decorative_pillar
D:3:      marbit_many_paths, lemuel_tele_altar
D:4:      nicolae_overflow_crystal_walls, minmay_quantized
D:5:      first_ration, minivault_25, minmay_crystal_room
D:6:      lemuel_round_altar
D:7:      minmay_temple_entry_purple_smoke, basic_altar

Skill      XL: |  1  2  3  4  5  6  7 |
---------------+----------------------+-----
Spellcasting   | 3 4 5 |  5.7
Conjurations   | 5 6 7 |  7.1
Dodging        | |  1.8
Stealth        | |  1.8

Action                   |  1- 3 |  4- 6 |  7- 9 || total
-------------------------+-------+-------+-------++-------
Melee: Dagger            |    21 |    69 |    18 ||   108
       Tailslap          |     3 |     6 |     3 ||    12
 Fire: Shortbow          |       |    17 |    20 ||    37
 Cast: Magic Dart        |    84 |   104 |    33 ||   221
       Iskenderun's Myst |       |       |     3 ||     3
 Abil: Breathe Fire      |       |       |     1 ||     1
  Use: Scroll            |     4 |     3 |       ||     7
       Potion            |       |     2 |       ||     2
  Eat: Chunk             |     3 |     7 |     9 ||    19
Armor: Skin              |    15 |    90 |    13 ||   118
Dodge: Dodged            |    32 |    77 |    32 ||   141

Table legend:
 A = Spawn XP
 B = Non-spawn XP
 C = Spawn XP percentage of total XP
 D = Spawn monster count
 E = Non-spawn monster count
 F = Spawn count percentage of total count
 G = Total turns spent on level
                    A         B        C        D         E        F      G
               +---------+---------+-------+---------+---------+-------+---------
         Total |       0 |    1058 |   0.0 |       0 |      79 |   0.0 |  4252
               +---------+---------+-------+---------+---------+-------+---------
           D:1 |       0 |      42 |   0.0 |       0 |      23 |   0.0 |  1474
           D:2 |       0 |      10 |   0.0 |       0 |       6 |   0.0 |   287
           D:3 |       0 |      39 |   0.0 |       0 |       4 |   0.0 |   319
           D:4 |       0 |     126 |   0.0 |       0 |       7 |   0.0 |   676
           D:5 |       0 |     119 |   0.0 |       0 |      12 |   0.0 |   301
           D:6 |       0 |     580 |   0.0 |       0 |      17 |   0.0 |   776
           D:7 |       0 |     142 |   0.0 |       0 |      10 |   0.0 |   419
               +---------+---------+-------+---------+---------+-------+---------

Vault maps used:
D:1:      dpeg_arrival_three_bigger_balls
D:2:      wad_lake_hut, nicolae_overflow_hidden_temple,
          kennysheep_decorative_pillar
D:3:      marbit_many_paths, lemuel_tele_altar
D:4:      nicolae_overflow_crystal_walls, minmay_quantized
D:5:      first_ration, minivault_25, minmay_crystal_room
D:6:      lemuel_round_altar
D:7:      minmay_temple_entry_purple_smoke, basic_altar

Table legend:
 A = Turns spent in this place as a percentage of turns spent in the entire game.
 B = Non-inter-level travel turns spent in this place as a percentage of non-inter-level travel turns spent in the entire game.
 C = Inter-level travel turns spent in this place as a percentage of turns spent in this place.
 D = Turns resting spent in this place as a percentage of non-inter-level travel turns spent in this place.
 E = Turns spent auto-exploring this place as a percentage of non-inter-level travel turns spent in this place.
 F = Non-inter-level travel turns spent in this place divided by the number of levels of this place that you've seen.
                   A       B       C       D       E      F
               +-------+-------+-------+-------+-------+----------------------
         Total | 100.0 | 100.0 |   3.6 |  40.5 |  33.8 | 585.7
       Dungeon | 100.0 | 100.0 |   3.6 |  40.5 |  33.8 | 585.7
               +-------+-------+-------+-------+-------+----------------------

Table legend:
 A = Kills in this place as a percentage of kills in entire the game.
 B = Kills by you in this place as a percentage of kills by you in the entire game.
 C = Kills by friends in this place as a percentage of kills by friends in the entire game.
 D = Other kills in this place as a percentage of other kills in the entire game.
 E = Experience gained in this place as a percentage of experience gained in the entire game.
 F = Experience gained in this place divided by the number of levels of this place that you have seen.
                   A       B       C       D       E      F
               +-------+-------+-------+-------+-------+----------------------
         Total | 100.0 | 100.0 |   N/A |   N/A | 100.0 | 151.1
       Dungeon | 100.0 | 100.0 |   N/A |   N/A | 100.0 | 151.1
               +-------+-------+-------+-------+-------+----------------------
